 Dungeon Crawl Stone Soup version 0.21-a0-404-g291f19a (webtiles) character file.

574 Dysjunc the Sneak (level 7, 0/51 HPs)
             Began as a Gnoll Enchanter on Oct 31, 2017.
             Shot with an arrow by a centaur (17 damage)
             ... on level 5 of the Dungeon.
             The game lasted 00:34:02 (6926 turns).

Dysjunc the Sneak (Gnoll Enchanter)                 Turns: 6926, Time: 00:34:02

Health: 0/51       AC:  5    Str: 10    XL:     7   Next: 35%
Magic:  1/15       EV: 15    Int: 19    God:
Gold:   314        SH:  0    Dex: 16    Spells: 9/17 levels left

rFire    . . .     SeeInvis .   B - +2 dagger (elec)
rCold    + . .     Gourm    .   (no shield)
rNeg     . . .     Faith    .   b - +0 robe
rPois    .         Spirit   .   e - +1 helmet
rElec    .         Reflect  .   (no cloak)
rCorr    .         Harm     .   (no gloves)
MR       .....                  (no boots)
Stlth    +++.......             (no amulet)
HPRegen  0.17/turn              i - ring of protection from cold
MPRegen  0.14/turn              y - ring of flight

@: very slightly contaminated, hasted, very quick
A: distributed training, fangs 1, hooves 1, shaggy fur 1, strong nose
a: Evoke Flight


You were on level 5 of the Dungeon.
You were not hungry.

You visited 1 branch of the dungeon, and saw 6 of its levels.

You collected 314 gold pieces.

Inventory:

Hand Weapons
 a - a +1 dagger
 g - a +0 hunting sling
 A - the +5 flail of Linearity {pain, Int+2 Dex+3}
   (You found it on level 4 of the Dungeon)

   In the hands of one skilled in necromantic magic, it inflicts extra damage on
   living creatures.
   It affects your intelligence (+2).
   It affects your dexterity (+3).
 B - a +2 dagger of electrocution (weapon)
 G - a +0 shortbow
Missiles
 p - 23 sling bullets
 t - 6 tomahawks (quivered)
 u - 180 stones
 w - 68 arrows
 x - 10 bolts
Armour
 b - a +0 robe (worn)
 e - a +1 helmet (worn)
 h - a +0 scale mail
 l - a +0 ring mail
Jewellery
 i - a ring of protection from cold (left hand)
 y - a ring of flight (right hand)
Wands
 v - a wand of paralysis (11/24)
 z - a wand of lightning (8/15)
Scrolls
 f - a scroll of fear
 k - 2 scrolls of remove curse
 m - a scroll of enchant armour
 n - 4 scrolls of identify
Potions
 j - 6 potions of curing
 o - a potion of lignification
 q - a potion of haste
 r - a potion of ambrosia {unknown}
 s - a potion of brilliance
 C - a potion of might
Books
 c - a book of Maledictions

   Spells                             Type                      Level
   a - Corona                         Hexes                        1
   b - Ensorcelled Hibernation        Hexes/Ice                    2
   c - Confuse                        Hexes                        3
   d - Tukima's Dance                 Hexes                        3
   e - Dazzling Spray                 Conjuration/Hexes            3
Comestibles
 d - 4 bread rations
 D - 6 fruits
 F - 2 meat rations


   Skills:
 + Level 2.3 Fighting
 + Level 3.5 Short Blades
 + Level 2.3 Long Blades
 + Level 2.3 Axes
 + Level 2.3 Maces & Flails
 + Level 2.3 Polearms
 + Level 2.3 Staves
 + Level 2.3 Slings
 + Level 2.3 Bows
 + Level 2.3 Crossbows
 + Level 2.3 Throwing
 + Level 2.3 Armour
 + Level 5.2 Dodging
 + Level 6.4 Stealth
 + Level 2.3 Shields
 + Level 2.3 Unarmed Combat
 + Level 5.5 Spellcasting
 + Level 1.9 Conjurations
 + Level 5.8 Hexes
 + Level 1.9 Charms
 + Level 1.9 Summonings
 + Level 1.9 Necromancy
 + Level 1.9 Translocations
 + Level 1.9 Transmutations
 + Level 1.9 Fire Magic
 + Level 1.9 Ice Magic
 + Level 1.9 Air Magic
 + Level 1.9 Earth Magic
 + Level 1.9 Poison Magic
   Level 2.6 Invocations
 + Level 2.3 Evocations


You had 9 spell levels left.
You knew the following spells:

 Your Spells              Type           Power        Failure   Level  Hunger
c - Confuse               Hex            ####....     3%          3    ##.....
s - Ensorcelled Hibernat  Hex/Ice        ###...       3%          2    None
x - Tukima's Dance        Hex            ####....     3%          3    ##.....


Dungeon Overview and Level Annotations

Branches:
Dungeon (6/15)             Temple (0/1) D:6

Altars:
Fedhas
Trog
Uskayaw
Wu Jian
Zin
The Shining One


Innate Abilities, Weirdness & Mutations

Your experience applies equally to all skills.
You have very sharp teeth.
Your uncanny sense of smell can sniff out nearby items.
You have large cloven feet.
You are covered in fur. (AC +1)


Message History

The arrow hits you!
Casting: Ensorcelled Hibernation
Confirm with . or Enter, or press ? or * to list all spells.
Aiming: Ensorcelled Hibernation
Press: ? - help, Shift-Dir - straight line, f/p - centaur
Aim: a centaur, wielding a shortbow (chance to defeat MR: 50%)
You miscast Ensorcelled Hibernation.
You are very lightly contaminated with residual magic.
You hear a crackling sound.
The centaur shoots an arrow.
The arrow hits you.
Casting: Ensorcelled Hibernation
Confirm with . or Enter, or press ? or * to list all spells.
You don't have enough magic to cast that spell.
The centaur shoots an arrow.
The arrow closely misses you.
You see here an arrow.
The centaur shoots an arrow.
The arrow hits you.
You see here an arrow.
The centaur shoots an arrow.
The arrow closely misses you.
The centaur shoots an arrow.
The arrow hits you!
You die...

#.# #.....##..#(##).) #.#
#c###.##((.##....
#.#####.# #.##.####....
#.##.##(# #.)(.# #....#
#.....#.# ########...##
####.##(# #...##....#
#.##.# #.#.##.....
######.##.# #....##....
.........@(#######...##...
#######..........#.#..####
##########.#.##...##
#.#.####... #...# ####
###.# ###


You could see a centaur.

Vanquished Creatures
  A black bear (D:5)
  A centaur (D:5)
  2 hounds (D:5)
  A centaur skeleton (D:4)
  3 orc priests
  A worker ant zombie (D:5)
  4 gnolls (D:2)
  5 adders
  3 oozes
  5 worms
  2 dart slugs
  A leopard gecko (D:2)
  7 orcs
  4 bats
  7 giant cockroaches
  4 goblins
  9 hobgoblins
  3 jackals (D:3)
  5 kobolds
  2 quokkas
  A ball python (D:3)
  3 frilled lizards
  A quokka skeleton (D:4)
  8 rats
83 creatures vanquished.

Vanquished Creatures (collateral kills)
  An orc wizard (D:4)
  An orc (D:3)
  A frilled lizard (D:4)
3 creatures vanquished.

Vanquished Creatures (others)
  A dancing weapon (D:2)
1 creature vanquished.

Grand Total: 87 creatures vanquished

Notes
Turn   | Place    | Note
-------+----------+-------------------------------------------
     0 | D:1      | Dysjunc the Gnoll Enchanter began the quest for the Orb.
     0 | D:1      | Reached XP level 1. HP: 13/13 MP: 6/6
   209 | D:1      | Reached XP level 2. HP: 19/19 MP: 7/7
  1340 | D:2      | Reached skill level 5 in Spellcasting
  1340 | D:2      | Reached XP level 3. HP: 8/25 MP: 7/9
  1887 | D:2      | Reached skill level 6 in Stealth
  1975 | D:2      | Reached skill level 1 in Invocations
  2454 | D:2      | Learned a level 2 spell: Ensorcelled Hibernation
  2458 | D:2      | Learned a level 3 spell: Tukima's Dance
  2462 | D:2      | Learned a level 3 spell: Confuse
  2506 | D:2      | Reached skill level 1 in Fighting
  2506 | D:2      | Reached skill level 1 in Long Blades
  2506 | D:2      | Reached skill level 1 in Axes
  2506 | D:2      | Reached skill level 1 in Maces & Flails
  2506 | D:2      | Reached skill level 1 in Polearms
  2506 | D:2      | Reached skill level 1 in Staves
  2506 | D:2      | Reached skill level 1 in Slings
  2506 | D:2      | Reached skill level 1 in Bows
  2506 | D:2      | Reached skill level 1 in Crossbows
  2506 | D:2      | Reached skill level 1 in Throwing
  2506 | D:2      | Reached skill level 1 in Armour
  2506 | D:2      | Reached skill level 1 in Shields
  2506 | D:2      | Reached skill level 1 in Unarmed Combat
  2506 | D:2      | Reached skill level 1 in Evocations
  2506 | D:2      | Reached XP level 4. HP: 24/32 MP: 2/11
  2732 | D:2      | Reached skill level 1 in Conjurations
  2732 | D:2      | Reached skill level 1 in Charms
  2732 | D:2      | Reached skill level 1 in Summonings
  2732 | D:2      | Reached skill level 1 in Necromancy
  2732 | D:2      | Reached skill level 1 in Translocations
  2732 | D:2      | Reached skill level 1 in Transmutations
  2732 | D:2      | Reached skill level 1 in Fire Magic
  2732 | D:2      | Reached skill level 1 in Ice Magic
  2732 | D:2      | Reached skill level 1 in Air Magic
  2732 | D:2      | Reached skill level 1 in Earth Magic
  2732 | D:2      | Reached skill level 1 in Poison Magic
  4061 | D:3      | Found a blossoming altar of Fedhas.
  4078 | D:3      | Reached XP level 5. HP: 34/37 MP: 12/12
  4444 | D:3      | Found a hide-covered altar of Uskayaw.
  4493 | D:3      | Gained mutation: You are somewhat resistant to further mutation. [potion of mutation]
  4495 | D:3      | Lost mutation: You are somewhat resistant to further mutation. [potion of mutation]
  4495 | D:3      | Gained mutation: You have large cloven feet. [potion of mutation]
  4495 | D:3      | Gained mutation: You are covered in fur. (AC +1) [potion of mutation]
  4590 | D:3      | Found a faded altar of an unknown god.
  4646 | D:3      | Became a worshipper of the Shining One
  4646 | D:3      | Reached * piety under the Shining One
  4647 | D:3      | Fell from the grace of the Shining One
  4911 | D:3      | You fall through a shaft for 3 floors!
  4970 | D:5      | Entered Level 5 of the Dungeon
  5088 | D:4      | Found a glowing silver altar of Zin.
  5240 | D:4      | Got an ichor-stained flail
  5241 | D:4      | Identified the +5 flail of Linearity {pain, Int+2 Dex+3} (You found it on level 4 of the Dungeon)
  5533 | D:4      | Reached XP level 6. HP: 17/44 MP: 1/13
  6200 | D:5      | Noticed a black bear
  6206 | D:5      | Killed a black bear
  6206 | D:5      | Reached skill level 5 in Dodging
  6305 | D:5      | Found an ornate altar of the Wu Jian Council.
  6337 | D:5      | Reached XP level 7. HP: 50/50 MP: 15/15
  6571 | D:5      | Noticed a moth of wrath
  6573 | D:5      | Found a bloodstained altar of Trog.
  6926 | D:5      | Shot with an arrow by a centaur

Vault maps used:
D:1:      kennysheep_arrival_seaside
D:2:      minmay_wonky_spiral, first_bread
D:3:      nicolae_overflow_hidden_temple, eat_drink_and_be_merry_uskayaw,
          chequers_ecumenical_altar_island
D:4:      zin_academy, kennysheep_dice
D:5:      lemuel_doored_altar, tgw_trog
D:6:      kennysheep_mini_moat, minmay_temple_entry_fiery,
          minmay_guarded_unrand_vampires_tooth

Skill      XL: |  1  2  3  4  5  6 |
---------------+-------------------+-----
Spellcasting   | 5 |  5.5
Stealth        | 6 |  6.4
Invocations    | 1 2 |  2.6
Fighting       | 1 2 |  2.3
Long Blades    | 1 2 |  2.3
Axes           | 1 2 |  2.3
Maces & Flails | 1 2 |  2.3
Polearms       | 1 2 |  2.3
Staves         | 1 2 |  2.3
Slings         | 1 2 |  2.3
Bows           | 1 2 |  2.3
Crossbows      | 1 2 |  2.3
Throwing       | 1 2 |  2.3
Armour         | 1 2 |  2.3
Shields        | 1 2 |  2.3
Unarmed Combat | 1 2 |  2.3
Evocations     | 1 2 |  2.3
Conjurations   | 1 |  1.9
Charms         | 1 |  1.9
Summonings     | 1 |  1.9
Necromancy     | 1 |  1.9
Translocations | 1 |  1.9
Transmutations | 1 |  1.9
Fire Magic     | 1 |  1.9
Ice Magic      | 1 |  1.9
Air Magic      | 1 |  1.9
Earth Magic    | 1 |  1.9
Poison Magic   | 1 |  1.9
Short Blades   | 3 |  3.5
Dodging        | 5 |  5.2
Hexes          | |  5.8

Action                   |  1- 3 |  4- 6 |  7- 9 || total
-------------------------+-------+-------+-------++-------
Melee: Dagger            |   119 |   129 |    35 ||   283
       Bite              |    11 |    11 |     3 ||    25
       Kick              |       |    15 |     8 ||    23
       Punch             |       |     2 |       ||     2
Throw: Tomahawk          |       |     3 |     1 ||     4
 Cast: Corona            |     2 |       |       ||     2
       Confuse           |     2 |       |       ||     2
       Ensorcelled Hiber |       |    15 |     9 ||    24
       Tukima's Dance    |       |     8 |     1 ||     9
Invok: Renounce Religion |       |     1 |       ||     1
  Use: Potion            |     1 |     3 |     1 ||     5
       Scroll            |       |    11 |     1 ||    12
 Stab: Sleeping          |     6 |    20 |     3 ||    29
       Distracted        |     1 |     1 |       ||     2
       Confused          |     1 |       |       ||     1
  Eat: Chunk             |     1 |     4 |       ||     5
       Meat ration       |     1 |     1 |       ||     2
       Bread ration      |       |     1 |       ||     1
Armor: Robe              |     7 |    16 |     2 ||    25
Dodge: Dodged            |    54 |    82 |    21 ||   157

Table legend:
 A = Spawn XP
 B = Non-spawn XP
 C = Spawn XP percentage of total XP
 D = Spawn monster count
 E = Non-spawn monster count
 F = Spawn count percentage of total count
 G = Total turns spent on level
                    A         B        C        D         E        F      G
               +---------+---------+-------+---------+---------+-------+---------
         Total |       0 |     821 |   0.0 |       0 |      86 |   0.0 |  6926
               +---------+---------+-------+---------+---------+-------+---------
           D:1 |       0 |      27 |   0.0 |       0 |      11 |   0.0 |  1255
           D:2 |       0 |     121 |   0.0 |       0 |      27 |   0.0 |  2468
           D:3 |       0 |      85 |   0.0 |       0 |      24 |   0.0 |  1520
           D:4 |       0 |     174 |   0.0 |       0 |       8 |   0.0 |   847
           D:5 |       0 |     414 |   0.0 |       0 |      16 |   0.0 |   777
               +---------+---------+-------+---------+---------+-------+---------
